 Dungeon Sprint DCSS version 0.18.1-50-g88ac8fd (webtiles) character file.

429 Kagutsuchi the Fighter (level 6, -4/64 HPs)
             Began as a Draconian Berserker on Oct 20, 2016.
             Was a Priest of Trog.
             Slain by a crocodile (15 damage)
             ... in the Dungeon (Sprint II: "The Violet Keep of Menkaure").
             The game lasted 00:01:51 (105 turns).

Kagutsuchi the Fighter (Draconian Berserker)         Turns: 105, Time: 00:01:51

Health: -4/64      AC:  6    Str: 20    XL:     6   Next: 66%
Magic:  6/6        EV: 16    Int:  7    God:    Trog [***...]
Gold:   243        SH:  0    Dex: 12    Spells: 0 memorised, 5 levels left

rFire  . . .     SeeInvis .     a - +0 falchion
rCold  . . .     Gourm    .     (armour unavailable)
rNeg   . . .     Faith    .     (no shield)
rPois  .         Spirit   .     (helmet restricted)
rElec  .         Dismiss  .     (no cloak)
rCorr  .         Reflect  .     (no gloves)
SustAt .         Harm     .     (no boots)
MR     .....     NoTele   +     (no amulet)
Stlth  +.........               (no ring)
                                (no ring)

@: not resistant to hostile enchantments, very unstealthy
A: unfitting armour, cold-blooded, AC +6
a: Berserk, Trog's Hand, Burn Spellbooks, Renounce Religion


You were in the Dungeon.
You worshipped Trog.
Trog was most pleased with you.
You were not hungry.

You visited 1 branch You collected 243 gold pieces.

Inventory:

Hand Weapons
 a - a +0 falchion (weapon)
Scrolls
 h - a scroll of blinking
Potions
 e - a potion of haste
 f - 2 potions of magic
 g - a potion of berserk rage
Comestibles
 b - a bread ration


   Skills:
 + Level 9.5 Fighting
 + Level 8.9 Long Blades
 + Level 8.2 Dodging


You had 5 spell levels left.
You didn't know any spells.

Dungeon Overview and Level Annotations

Branches:
Dungeon (1/1)

Altars:

Shops:
D [[:!}!(%


Innate Abilities, Weirdness & Mutations

Your plain brown scales are hard (AC +6).
Your body does not fit into most forms of armour.
You are cold-blooded and may be slowed by cold attacks.


Message History

Found seven shops.
A crocodile comes into view.
You feel sick.
You are no longer poisoned.
Found Ajibb's Antique Armour Shop.
There is an open door here.
You barely miss the crocodile.
The crocodile is lightly wounded.
The crocodile misses you.
Unknown command.
You hit the crocodile. You tail-slap the crocodile.
The crocodile is lightly wounded.
The crocodile barely misses you.
Unknown command.
You closely miss the crocodile.
The crocodile is lightly wounded.
You slash the crocodile!
The crocodile is heavily wounded.
The crocodile bites you!
You die...

######≈ .....#≈
⌠....#≈ ### ###
.∩...#≈ .. ..
∩.∩..#≈ ### .#. #
.∩.∩.#≈##.###†# .##
..∩.∩#≈#...##.##B..#
+t@.#)'.<.+#
....∩#≈#...##.##B.$#
▓▓▓###≈##.###†# .##
######≈ ### .#. # ##
.# .. ## .## ##


You could see a crocodile.

Vanquished Creatures
  A siren (D)
  4 worker ants (D)
  3 worms (D)
8 creatures vanquished.

Notes
Turn   | Place    | Note
--------------------------------------------------------------
     0 | D        | Kagutsuchi the Draconian Berserker began the quest for the Orb.
     0 | D        | Reached XP level 1. HP: 19/19 MP: 1/1
     5 | D        | Noticed a boulder beetle
     5 | D        | Noticed a boulder beetle
     9 | D        | Noticed a worker ant
     9 | D        | Noticed a worker ant
     9 | D        | Noticed a worker ant
     9 | D        | Noticed a worker ant
    13 | D        | Noticed a siren
    39 | D        | Killed a siren
    39 | D        | Reached skill level 8 in Fighting
    39 | D        | Reached XP level 2. HP: 23/36 MP: 2/2
    39 | D        | Reached XP level 3. HP: 26/41 MP: 3/3
    39 | D        | Reached XP level 4. HP: 32/49 MP: 4/4
    39 | D        | Reached XP level 5. HP: 36/56 MP: 5/5
    39 | D        | Reached XP level 6. HP: 40/62 MP: 6/6
    50 | D        | Reached ** piety under Trog
    54 | D        | Reached skill level 9 in Fighting
    75 | D        | Reached *** piety under Trog
   100 | D        | Found Huom's Food Shop.
   100 | D        | Found Xanein's Antique Weapon Boutique.
   100 | D        | Found Dozukh's Gadget Shop.
   100 | D        | Found Jinnet's Distillery.
   100 | D        | Found Utiraof's Book Boutique.
   100 | D        | Found Nashren's Distillery.
   100 | D        | Found Deep's Antique Armour Shop.
   101 | D        | Found Ajibb's Antique Armour Shop.
   105 | D        | Slain by a crocodile

Skill      XL: |  1  2  3  4  5  6 |
---------------+-------------------+-----
Fighting       | 8 9 |  9.5
Long Blades    | 8 |  8.9
Dodging        | 7 8 |  8.2

Action                   |  1- 3 |  4- 6 || total
-------------------------+-------+-------++-------
Melee: Falchion          |    23 |    42 ||    65
       Tailslap          |     3 |     6 ||     9
  Use: Potion            |     2 |       ||     2
Armor: Skin              |       |     4 ||     4
Dodge: Dodged            |     6 |    18 ||    24
